 Dungeon Crawl Stone Soup version 0.30-b1-2-g02819fbbbe (webtiles) character file.

Game seed: 7598449098734200222

38 Arzdou the Cudgeller (level 3, -3/34 HPs)
             Began as a Gargoyle Cinder Acolyte on May 12, 2023.
             Was a High Priest of Ignis.
             Slain by a gnoll
             ... wielding a +0 halberd
              (7 damage)
             ... on level 2 of the Dungeon.
             The game lasted 00:02:01 (943 turns).

Arzdou the Cudgeller (Gargoyle Cinder Acolyte)       Turns: 943, Time: 00:02:02

Health: -3/34      AC: 28    Str: 19    XL:     3   Next: 43%
Magic:  2/4        EV:  2    Int: 14    God:    Ignis [*****.]
Gold:   155        SH:  0    Dex: 11    Spells: 2/4 levels left

rFire   + + .        a - -1 mace (flame)
rCold   + . .        c - orb {light}
rNeg    + . .        b - melded +0 robe
rPois   ∞            (helmet currently unavailable)
rElec   +            (cloak currently unavailable)
rCorr   +            o - melded +2 pair of gloves
SInv    .            n - melded +0 pair of boots
Will    .....        (no amulet)
Stlth   +            g - +6 ring of dexterity
HPRegen 0.25/turn    (no ring)
MPRegen 0.09/turn

%: no passive effects
@: tree-form, resistant, fiery-armoured, glowing
A: stationary, stasis, torment immunity, boosted hp, sickness immunity, AC +3,
negative energy resistance 1, (electricity resistance), torment resistance 1,
petrification resistance
a: Renounce Religion, Fiery Armour, Foxfire Swarm, Rising Flame


You were on level 2 of the Dungeon.
You worshipped Ignis.
Ignis was extremely pleased with you.
You were a tree.
You visited 1 branch of the dungeon, and saw 2 of its levels.

You collected 155 gold pieces.

Inventory:

Hand Weapons
 a - a -1 mace of flaming (weapon)
Armour
 b - a +0 robe (melded)
 c - an orb of light (worn)
 m - a +0 pair of gloves
 n - a +0 pair of boots (melded)
 o - a +2 pair of gloves (melded)
Jewellery
 g - a +6 ring of dexterity (left branch)
Scrolls
 d - 3 scrolls of identify {unknown}
 h - a scroll of summoning {unknown}
 i - a scroll of fear {unknown}
 j - a scroll of teleportation {unknown}
Potions
 f - a potion of resistance
 k - a potion of brilliance {unknown}
 l - a potion of heal wounds {unknown}


   Skills:
 - Level 3.3 Fighting
 + Level 4.3 Maces & Flails
 - Level 1.0 Spellcasting
 - Level 3.0 Fire Magic


You had 2 spell levels left.
You knew the following spells:

 Your Spells              Type           Power      Damage    Failure   Level
a - Scorch                Fire           18%        2d5       12%         2

Your spell library contained the following spells:

 Spells                   Type           Power      Damage    Failure   Level
 Ozocubu's Armour         Ice            0%         N/A       61%         3
 Metabolic Englaciation   Hex/Ice        0%         N/A       100%        5
 Simulacrum               Ice/Necr       0%         N/A       100%        6


Dungeon Overview and Level Annotations

Branches:
Dungeon (2/15)

Altars:


Innate Abilities, Weirdness & Mutations

You are a tree.
Your roots penetrate the ground, keeping you stationary.
You cannot be teleported.
You are immune to unholy pain and torment.
Your maximum health is greatly increased.
Your equipment is partially melded.
You are immune to sickness and miasma.
((Your stone body is resilient. (AC +3)))
You are immune to poison.
You resist negative energy. (rN+)
((You are resistant to electric shocks. (rElec)))
You are resistant to unholy torment.
You are immune to petrification.


Message History

Found a scroll labelled RAEKUFIGUSI.
Found a stone staircase leading down.
The gnoll hits you with a +0 halberd!
* * * LOW HITPOINT WARNING * * *
The gnoll is burned terribly!
The gnoll is burned by your cloak of flames.
The gnoll is severely wounded.
The gnoll hits you with a +0 halberd.
* * * LOW HITPOINT WARNING * * *
The gnoll is burned by your cloak of flames.
The gnoll is moderately wounded.
It was a potion of resistance.
You feel protected.
The gnoll is no longer more vulnerable to fire.
The gnoll barely misses you. The gnoll hits you but does no damage.
The gnoll barely misses you.
A bat comes into view.
Unknown command.
It was a potion of lignification.
You turn into a tree.
Your +2 pair of gloves melds into your body.
Your +0 pair of boots melds into your body.
Your +0 robe melds into your body.
Your roots penetrate the ground.
A gnoll comes into view. It is wielding a +0 club.
The gnoll hits you from afar with a +0 spear.
* * * LOW HITPOINT WARNING * * *
The gnoll hits you but does no damage.
The gnoll is burned by your cloak of flames.
The gnoll is heavily wounded.
The gnoll hits you but does no damage.
The gnoll shouts!
You hit the gnoll. You burn the gnoll.
You kill the gnoll!
The bat barely misses you. The gnoll hits you but does no damage.
The gnoll is burned by your cloak of flames.
The gnoll is almost dead.
The bat hits you but does no damage.
The bat is burned by your cloak of flames.
You kill the bat!
The gnoll hits you but does no damage. x2
The gnoll hits you with a +0 halberd!
You die...

.# ?# . ..#..
..... >.....
#.......
###)gg......
##.♣g# ....#
######..###
.....
#.....(...#
......
#.........#
......####
#.........#
..........##
#.........###..
#..<...
#............#..
##.....
#............#.#
#.....
#............#.#
#.##..


You could see 3 gnolls.

Vanquished Creatures
  A gnoll (D:2)
  3 bats
  5 endoplasms (D:1)
  2 giant cockroaches (D:1)
  2 goblins (D:1)
  3 hobgoblins (D:1)
  4 jackals (D:1)
  2 quokkas
  4 ball pythons (D:1)
  2 frilled lizards (D:1)
  5 kobolds (D:1)
  3 rats (D:1)
36 creatures vanquished.

Notes
Turn   | Place    | Note
-------+----------+-------------------------------------------
     0 | D:1      | Arzdou the Gargoyle Cinder Acolyte began the quest for the
                  | Orb.
     0 | D:1      | Reached XP level 1. HP: 14/14 MP: 2/2
   208 | D:1      | Reached XP level 2. HP: 17/19 MP: 3/3
   404 | D:1      | Found a faded altar of an unknown god.
   456 | D:1      | Reached skill level 4 in Maces & Flails
   501 | D:1      | Reached XP level 3. HP: 23/23 MP: 4/4
   914 | D:2      | Learned a level 2 spell: Scorch
   943 | D:2      | Slain by a gnoll

Illustrated notes

Levels and vault maps discovered:
D:1:      dpeg_arrival_arbitrary_b, layout_loops_ring,
          dreamdust_ecumenical_altar_statues, minmay_bisected
D:2:      layout_rooms, uniq_natasha

Skill      XL: |  1  2 |
---------------+-------+-----
Maces & Flails | 4 |  4.3
Fighting       | |  3.3
Spellcasting   | |  1.0
Fire Magic     | |  3.0

Action                     || total
---------------------------++-------
  Melee: Mace              ||    86
   Cast: Scorch            ||     1
 Invoke: Fiery Armour      ||     1
    Use: Potion            ||     2
 Armour: Robe              ||    34
         Skin              ||     6
  Dodge: Dodged            ||    55
